 Dungeon Crawl Stone Soup version 0.30.0-29-ga12c61a403 (webtiles) character file.

Game seed: 2085995094021243024

164 Fodor the Covered (level 5, -3/46 HPs)
             Began as a Minotaur Fighter on June 8, 2023.
             Slain by Blork the orc
             ... wielding a +0 mace
              (9 damage)
             ... on level 4 of the Dungeon.
             The game lasted 00:14:47 (3122 turns).

Fodor the Covered (Minotaur Fighter)                Turns: 3122, Time: 00:14:50

Health: -3/46      AC:  8    Str: 20    XL:     5   Next: 21%
Magic:  0/4        EV:  6    Int:  5    God:
Gold:   243        SH:  5    Dex: 12    Spells: 4/4 levels left

rFire   . . .        a - +0 long sword
rCold   . . .        c - +0 buckler
rNeg    . . .        b - +0 scale mail
rPois   .            (helmet restricted)
rElec   .            (no cloak)
rCorr   .            u - +0 pair of gloves {infuse}
SInv    .            (no boots)
Will    .....        v - amulet of guardian spirit Stlth
                     (no ring)
HPRegen 0.27/turn    (no ring)
MPRegen 0.09/turn

%: guardian spirit
@: constricted
A: horns 2, retaliatory headbutt
a: no special abilities


You were on level 4 of the Dungeon.
You visited 1 branch of the dungeon, and saw 4 of its levels.

You collected 243 gold pieces.

Inventory:

Hand Weapons
 a - a +0 long sword (weapon)
Missiles
 n - 33 stones (quivered)
Armour
 b - a +0 scale mail (worn)
 c - a +0 buckler (worn)
 u - a +0 pair of gloves of infusion (worn)
 z - a +0 chain mail
Jewellery
 q - a ring of protection from fire
 v - an amulet of guardian spirit (around neck)
Wands
 y - a wand of mindburst (8)
Scrolls
 h - a scroll of silence
 i - 2 scrolls of vulnerability
 j - a scroll of fog
 l - a scroll of acquirement
 o - 2 scrolls of enchant weapon
 x - a scroll of teleportation
Potions
 d - a potion of might
 e - 2 potions of ambrosia {unknown}
 f - 3 potions of curing {unknown}
 g - 2 potions of mutation {unknown}
 k - 2 potions of lignification {unknown}
 m - 2 potions of cancellation {unknown}
 p - a potion of magic {unknown}
 r - 2 potions of degeneration {unknown}
 s - 2 potions of heal wounds {unknown}
 t - a potion of brilliance {unknown}
 w - a potion of haste {unknown}


   Skills:
 + Level 4.2 Fighting
 + Level 4.6 Long Blades
 + Level 0.5 Throwing
 + Level 4.9 Armour
 + Level 0.7 Dodging
 + Level 0.1 Stealth
 + Level 4.1 Shields


You had 4 spell levels left.
You didn't know any spells.
Your spell library contained the following spells:

 Spells                   Type           Power      Damage    Failure   Level
 Inner Flame              Hex/Fire       0%         N/A       99%         3
 Ozocubu's Armour         Ice            0%         N/A       99%         3
 Flame Wave               Conj/Fire      0%         2d4       100%        4
 Petrify                  Tmut/Erth      0%         N/A       100%        4
 Sticky Flame             Conj/Fire      0%         2d3       100%        4
 Metabolic Englaciation   Hex/Ice        0%         N/A       100%        5
 Statue Form              Tmut/Erth      0%         N/A       100%        6
 Ozocubu's Refrigeration  Ice            0%         4d7       100%        7


Dungeon Overview and Level Annotations

Branches:
Dungeon (4/15)
 Temple: D:4-7

Altars:

Annotations:
D:4 Blork the orc


Innate Abilities, Weirdness & Mutations

You have a pair of horns on your head.
You reflexively headbutt those who attack you in melee.


Message History

The orc hits you from afar with a +0 trident.
Blork the orc drinks a potion.
Blork the orc flickers and vanishes!
There is an open door here.
Things that are here:
a +0 falchion; an orc corpse Really read the scroll of vulnerability?
Okay, then.
The orc closely misses you.
You slash the orc!
You kill the orc!
Something hits you but does no damage.
You closely miss something. You block something's attack. Something hits you.
You block something's attack. The ball python misses you.
You block the ball python's attack. The orc barely misses you.
Something hits you but does no damage.
You see here a +0 falchion.
You hit the orc.
The orc is almost dead.
Something hits you but does no damage.
The ball python bites you but does no damage.
The ball python grabs you. The ball python constricts you.
The orc hits you with a +0 hand axe. Something hits you but does no damage.
You block the orc's attack. Something hits you. The ball python bites you.
The ball python constricts you.
You slash the orc!
You kill the orc!
Something hits you! Something hits you. The orc hits you but does no damage.
The ball python bites you. The ball python constricts you.
You hear some strange, mumbled words.
A puff of frost appears from out of thin air!
The puff of frost hits you. You block the orc's attack.
You block something's attack.
You escape the ball python's grasp.
Something hits you.
* * * LOW HITPOINT WARNING * * *
The ball python bites you but does no damage.
The ball python grabs you. The ball python constricts you.
The orc hits you with a +0 trident.
* * * LOW HITPOINT WARNING * * *
Something hits you but does no damage. Something hits you!
You die...

#.# #.. #.#
.. #..
#.#####.#
#..
#.......)
###
#........
#........
#........
#o....... .
####@#####+#
. #..S).# #
######.....#
#....'.....#
##.###.....#
#.# #.....#
#.# #.....#
#.# #.....#
#.# #######


You could see an orc and a ball python.

Vanquished Creatures
  A scorpion (D:4)
  2 adders
  A worm (D:3)
  3 dart slugs
  8 orcs (D:4)
  12 ball pythons
  7 endoplasms
  5 giant cockroaches
  7 goblins
  3 hobgoblins (D:1)
  4 kobolds
  4 quokkas
  2 bats (D:2)
  A frilled lizard (D:3)
  7 rats
67 creatures vanquished.

Notes
Turn   | Place    | Note
-------+----------+-------------------------------------------
     0 | D:1      | Fodor the Minotaur Fighter began the quest for the Orb.
     0 | D:1      | Reached XP level 1. HP: 19/19 MP: 0/0
   139 | D:1      | Reached XP level 2. HP: 17/27 MP: 1/1
   851 | D:2      | Reached XP level 3. HP: 33/33 MP: 2/2
  1395 | D:2      | Found a faded altar of an unknown god.
  2041 | D:3      | Reached XP level 4. HP: 27/40 MP: 1/3
  2631 | D:4      | Noticed a scorpion
  2640 | D:4      | Killed a scorpion
  2641 | D:4      | Reached XP level 5. HP: 44/46 MP: 0/4
  2647 | D:4      | Identified a scroll of acquirement
  3108 | D:4      | Noticed Blork the orc
  3122 | D:4      | Slain by Blork the orc

Illustrated notes

Levels and vault maps discovered:
D:1:      elethiomel_arrival_fortress_basement, layout_basic
D:2:      layout_loops_ring, shapermc_ecumenical_altar_notcrosses, minivault_26
D:3:      layout_basic
D:4:      layout_basic, serial_bayou_lake_a, uniq_blork_the_orc

Skill      XL: |  1  2  3  4 |
---------------+-------------+-----
Shields        | 4 |  4.1
Long Blades    | 3 4 |  4.6
Armour         | 4 |  4.9
Fighting       | 4 |  4.2
Throwing       | |  0.5
Dodging        | |  0.7
Stealth        | |  0.1

Action                     |  1- 3 |  4- 6 || total
---------------------------+-------+-------++-------
  Melee: Long sword        |   103 |    53 ||   156
         Headbutt          |    15 |     9 ||    24
  Throw: Stone             |     8 |       ||     8
    Use: Scroll            |       |     6 ||     6
 Armour: Scale mail        |    43 |    23 ||    66
  Dodge: Dodged            |    48 |    20 ||    68
  Block: Buckler           |    23 |    12 ||    35
